 Dungeon Crawl Stone Soup version 0.17-a0-1939-ga475588 (webtiles) character file.

27068 achirane the Cleaver (level 13, -3/113 HPs)
             Began as a Centaur Hunter on Sept 29, 2015.
             Was a Priest of Elyvilon.
             Killed from afar by a thorn hunter (20 damage)
             ... with a volley of thorns
             ... on level 3 of the Swamp.
             The game lasted 02:58:18 (10863 turns).

achirane the Cleaver (Centaur Hunter)              Turns: 10863, Time: 02:58:18

Health: -3/113     AC: 14    Str: 24    XL:     13   Next: 2%
Magic:  20/20      EV: 13    Int: 12    God:    Elyvilon [***...]
Gold:   237        SH:  0    Dex: 16    Spells: 0 memorised, 12 levels left

rFire  . . .     SeeInvis .     R - +5 war axe (elec)
rCold  + . .     Clarity  .     O - +1 scale mail "Feeb" {rPois Str+5}
rNeg   . . .     SustAt   .     (no shield)
rPois  +         Gourm    .     C - +1 hat
rElec  .         Spirit   .     P - +2 cloak "Oliawn" {Regen+ Int+2}
rCorr  .         Warding  .     D - +0 pair of gloves
rMut   .         Stasis   .     (no barding)
MR     .....                    a - amulet of regeneration {+regen, !d}
Stlth  +.........               G - ring of poison resistance {rPois, !d}
                                A - ring of protection from cold {rC+, !d}

@: agile, about to teleport, very quick, not resistant to hostile enchantments,
very unstealthy
A: hooves 3, deformed body, speed 2, tough skin 3
a: Lesser Healing, Divine Protection, Heal Other, Purification, Renounce
Religion


You were on level 3 of the Swamp.
You worshipped Elyvilon.
Elyvilon was most pleased with you.
You were not hungry.

You visited 3 branches of the dungeon, and saw 23 of its levels.

You collected 1151 gold pieces.
You spent 894 gold pieces at shops.

Inventory:

Hand weapons
 d - a +0 hunting sling
   (You found it on level 3 of the Lair of Beasts)
 u - a +0 battleaxe
   (You found it on level 5 of the Lair of Beasts)
 K - the +1 falchion "Hasenn" {antimagic, +Inv rElec rF- Dex+5}
   (You found it on level 2 of the Swamp)

   It disrupts the flow of magical energy around spellcasters and certain
   magical creatures (including the wielder).
   It affects your dexterity (+5).
   It makes you vulnerable to fire.
   It insulates you from electricity.
   It lets you turn invisible.
 R - a +5 war axe of electrocution (weapon)
   (You found it on level 4 of the Lair of Beasts)
Missiles
 b - 77 sling bullets
 c - 55 poisoned needles
 i - 4 tomahawks (quivered)
 F - 4 poisoned sling bullets
 I - 7 curare-tipped needles
 S - 2 throwing nets {=f, !d}
Armour
 C - a +1 hat (worn)
   (You bought it in a shop on level 11 of the Dungeon)
 D - a +0 pair of gloves (worn)
   (You found it on level 7 of the Dungeon)
 O - the +1 scale mail "Feeb" (worn) {rPois Str+5}
   (You bought it in a shop on level 11 of the Dungeon)

   It affects your strength (+5).
   It protects you from poison.
 P - the +2 cloak "Oliawn" (worn) {Regen+ Int+2}
   (You found it on level 11 of the Dungeon)

   It affects your intelligence (+2).
   It increases your rate of regeneration.
 T - the +0 scale mail of Responsibility {rC+}
   (You bought it in a shop on level 11 of the Dungeon)

   It protects you from cold.
Jewellery
 a - an amulet of regeneration (around neck) {+regen, !d}
   (You found it on level 11 of the Dungeon)
 n - an uncursed ring of wizardry {Wiz+, !d}
   (You found it on level 2 of the Dungeon)
 y - an uncursed amulet of the gourmand {Gourm, !d}
   (You found it on level 6 of the Dungeon)
 z - an uncursed ring of protection from fire {unknown}
   (You found it on level 3 of the Swamp)
 A - a ring of protection from cold (left hand) {rC+, !d}
   (You found it on level 5 of the Lair of Beasts)
 E - an uncursed ring of ice {rC+, rF-}
   (You found it on level 7 of the Dungeon)
 G - a ring of poison resistance (right hand) {rPois, !d}
   (You found it on level 8 of the Dungeon)
 J - an uncursed ring of positive energy {rN+}
   (You found it on level 8 of the Dungeon)
Magical devices
 l - a wand of frost (12)
   (You found it on level 5 of the Lair of Beasts)
 m - a wand of random effects (10)
   (You found it on level 1 of the Swamp)
 t - a wand of teleportation (6)
   (You found it on level 9 of the Dungeon)
 w - a wand of fire (6)
   (You found it on level 2 of the Swamp)
 H - a wand of digging (4)
   (You found it on level 8 of the Dungeon)
 X - a wand of fireball (9)
   (You found it on level 1 of the Lair of Beasts)
 Z - a wand of slowing (17)
   (You found it on level 3 of the Lair of Beasts)
Scrolls
 j - a scroll of blinking {!r}
 q - a scroll of magic mapping {!r}
 L - 2 scrolls of recharging
 M - 2 scrolls of fear
 W - a scroll of remove curse
 Y - 3 scrolls of fog
Potions
 f - 5 potions of curing
 h - a potion of degeneration {unknown}
 o - 3 potions of magic
 p - 3 potions of cancellation
 r - 2 potions of agility
 s - 2 potions of heal wounds
 v - a potion of cure mutation {unknown}
 B - a potion of ambrosia {unknown}
 N - 3 potions of poison {unknown}
 Q - a potion of invisibility
 U - 3 potions of haste
 V - a potion of flight {unknown}
Books
 k - a book of Ice
   (You found it on level 2 of the Swamp)
Miscellaneous
 x - a plain deck of escape {drawn: 6}
   (You found it on level 6 of the Dungeon)
Comestibles
 e - 3 bread rations {@e1}


   Skills:
 - Level 10.3 Fighting
 + Level 11.9 Axes
 - Level 7.1 Throwing
 + Level 6.7 Armour
 - Level 1.3 Dodging
 - Level 0.5 Stealth
 - Level 4.0 Invocations
 - Level 10.0 Evocations


You had 12 spell levels left.
You didn't know any spells.

Dungeon Overview and Level Annotations

Branches:
Dungeon (13/15)              Lair (7/8) D:11          Swamp (3/4) Lair:3
  Snake (0/4) Lair:3        Slime (0/6) Lair:7          Orc (0/4) D:10
 Vaults (0/5) D:13
 Temple: D:4-7

Altars:
Cheibriados
Elyvilon
Kikubaaqudgha
Makhleb
Nemelex Xobeh
Zin
The Shining One
Jiyva

Shops:
D:11 *[   D:12 ?   D:13 !*

Annotations:
D:4 Edmund
D:5 exclusion: downstairs, Blork the orc, Sigmund
D:6 Menkaure
D:9 Erica
Lair:6 Maud
Swamp:2 Aizul


Innate Abilities, Weirdness & Mutations

You have hooves in place of feet.
Armour fits poorly on your strangely shaped body.
You cover ground very quickly.
You have extremely tough skin (AC +3).


Message History

Aim: a seven-headed hydra (chance to defeat MR: 43%)
The seven-headed hydra seems to slow down.
Evoking this partially-identified wand wasted a few charges.
Your skill with magical items lets you calculate the power of this device...
This wand has 17 charges left.
Health restored: 106 Evoke which item? (* to show all) (? for menu, Esc to quit)
Zapping:
w - a wand of fire (8)
Press: ? - help, Shift-Dir - straight line, f/p - seven-headed hydra
Aim: a seven-headed hydra (slow) This wand has 7 charges left.
Evoke which item? (* to show all) (? for menu, Esc to quit)
Zapping:
w - a wand of fire (7)
Press: ? - help, Shift-Dir - straight line, f/p - seven-headed hydra
Aim: a seven-headed hydra (steam, water, heavily wounded, slow)
The bolt of fire hits the seven-headed hydra.
The seven-headed hydra is severely wounded.
This wand has 6 charges left.
The seven-headed hydra is engulfed in a cloud of scalding steam.
A thorn hunter comes into view.
You lop one of the seven-headed hydra's heads off!
The six-headed hydra grows two more!
You slash the eight-headed hydra!
The eight-headed hydra is almost dead.
The eight-headed hydra is engulfed in a cloud of scalding steam.
You kill the eight-headed hydra!
You have reached level 13!
Health restored: 113; MP restored: 20 Evoke which item? (* to show all) (? for menu, Esc to quit)
Zapping:
Z - a wand of slowing (17)
Press: ? - help, Shift-Dir - straight line, f - thorn hunter
Aim: a thorn hunter (water, chance to defeat MR: 14%)
Okay, then.
Unknown command.
Press: ? - help, v - describe, . - travel
Here: a thorn hunter (water) Some deep water.
You enter the shallow water.
Moving in this stuff is going to be slow.
Throwing (i - inventory):
i - 5 tomahawks (quivered)
Press: ? - help, Shift-Dir - straight line, f - thorn hunter
Aim: a thorn hunter You throw a tomahawk.
The tomahawk barely misses the thorn hunter.
You hear a splash.
You hit the thorn hunter.
There is a sudden explosion of sparks!
You kick the thorn hunter.
The thorn hunter is lightly damaged.
The thorn hunter hits you but does no damage.
The thorn hunter barely misses you.
An eight-headed hydra comes into view.
The eight-headed hydra roars!
You hit the thorn hunter but do no damage.
There is a sudden explosion of sparks!
The thorn hunter is moderately damaged.
The thorn hunter fires a volley of thorns at you.
The volley of thorns hits you!
You take 34 damage, and have 79/113 hp.
MASSIVE DAMAGE!!
You hit the thorn hunter but do no damage.
The thorn hunter is moderately damaged.
The thorn hunter fires a volley of thorns at you.
The volley of thorns hits you!
You take 13 damage, and have 66/113 hp.
Drink which item? (? for menu, Esc to quit)
You feel agile all of a sudden.
You barely miss the thorn hunter.
The thorn hunter is moderately damaged.
The thorn hunter fires a volley of thorns at you.
The volley of thorns hits you!
You take 22 damage, and have 45/113 hp.
You enter the shallow water.
Moving in this stuff is going to be slow.
The thorn hunter fires a volley of thorns at you.
The volley of thorns hits you!
* * * LOW HITPOINT WARNING * * *
You take 14 damage, and have 33/113 hp.
Read which item? (? for menu, Esc to quit)
Okay, then.
Evoke which item? (* to show all) (? for menu, Esc to quit)
Okay, then.
Read which item? (? for menu, Esc to quit)
As you read the scroll of teleportation, it crumbles to dust.
You feel strangely unstable.
The eight-headed hydra barely misses you.
The eight-headed hydra closely misses you.
The eight-headed hydra bites you.
* * * LOW HITPOINT WARNING * * *
The eight-headed hydra bites you but does no damage.
The eight-headed hydra bites you.
* * * LOW HITPOINT WARNING * * *
The eight-headed hydra bites you but does no damage. x2
The eight-headed hydra bites you!
* * * LOW HITPOINT WARNING * * *
You take 16 damage, and have 17/113 hp.
Unknown command.
Unknown command.
Drink which item? (? for menu, Esc to quit)
Okay, then.
The thorn hunter fires a volley of thorns at you.
The volley of thorns hits you!
You die...

≈≈≈...≈ ≈≈≈ ≈....♣ ..≈≈≈≈.♣≈.≈.≈
≈...♣♣ ♣♣♣♣♣♣♣♣.≈≈..≈..≈≈≈.
≈..♣♣♣♣♣♣≈≈≈..♣.≈≈≈...(≈.≈♣
≈≈≈.♣≈≈♣♣.≈≈≈≈..≈≈≈≈.≈≈≈.♣♣
≈≈≈≈...♣♣.≈≈.....≈≈≈≈≈≈≈.≈♣
≈≈≈≈§≈.≈≈≈..≈≈≈....≈≈≈≈≈≈≈♣♣♣
≈≈≈≈≈≈≈≈≈†♣..≈≈§..♣†≈≈≈≈≈≈≈≈♣♣♣
≈≈≈≈≈≈≈≈≈.♣.≈≈≈≈@≈.≈≈≈≈≈≈≈≈≈.≈♣♣♣
...≈≈≈≈≈≈≈♣♣.≈..†§.≈≈.≈≈≈≈≈....≈♣
.....≈≈≈≈≈♣♣♣♣Df♣♣≈≈≈......♣♣..♣♣
...♣♣♣≈...≈♣♣≈≈≈♣♣(≈≈.≈♣♣♣♣♣ ♣♣
...≈♣♣♣♣♣♣≈♣≈≈≈≈.≈≈≈..≈♣ ♣..♣♣
♣♣♣§≈≈..≈..♣♣♣ ♣♣.♣ ♣≈..≈≈..♣♣
♣♣♣ ♣♣♣♣♣♣♣♣♣


You could see a thorn hunter and an eight-headed hydra.

Vanquished Creatures
  A thorn hunter (Swamp:3)
  A hydra (Swamp:3)
  2 ghost crabs
  An alligator (Swamp:1)
  An unseen horror (D:10)
  2 hill giants
  A wolf spider (D:12)
  An elephant (Lair:2)
  Joseph (D:10)
  A centaur zombie (D:12)
  A gargoyle (D:11)
  7 spiny frogs
  2 komodo dragons (Lair:6)
  A troll (D:11)
  3 giant leeches
  4 slime creatures
  2 bog bodies (Swamp:1)
  8 blink frogs
  A spriggan (Lair:3)
  9 yaks
  2 deep elf magi (D:11)
  A hungry ghost (D:8)
  A basilisk (D:13)
  7 hippogriffs
  7 vampire mosquitoes
  6 swamp worms
  3 nagas (Lair:3)
  8 wolves
  5 insubstantial wisps (Swamp:1)
  7 porcupines
  6 water moccasins
  2 orc warriors
  A black bear (D:11)
  A sky beast (D:11)
  8 ice beasts
  A phantom (D:8)
  3 centaurs
  An eye of draining (D:10)
  7 crocodiles
  2 ogres
  A wasp (Swamp:1)
  10 giant frogs
  A scorpion (D:8)
  16 killer bees
  An electric eel (D:11)
  2 crimson imps
  A quasit (D:11)
  A giant frog skeleton (D:9)
  A centaur skeleton (D:4)
  A giant frog zombie (D:10)
  5 hounds
  6 jellies
  3 orc priests
  3 worker ants
  6 orc wizards
  4 iguanas
  6 sheep (Lair:3)
  2 worker ant zombies
  8 adders
  21 river rats
  An ooze (D:12)
  An adder skeleton (D:8)
  A worm (D:2)
  23 orcs
  A giant cockroach (D:2)
  4 hobgoblins
  9 jackals
  8 kobolds
  3 ball pythons
  4 bats
  A giant gecko (D:7)
  3 giant newts
  3 rats
  5 fungi
  A plant (Lair:3)
296 creatures vanquished.

Vanquished Creatures (others)
  A hydra (Swamp:1)
  18 fungi
  18 plants
37 creatures vanquished.

Grand Total: 333 creatures vanquished

Notes
Turn   | Place    | Note
--------------------------------------------------------------
     0 | D:1      | achirane the Centaur Hunter began the quest for the Orb.
     0 | D:1      | Reached XP level 1. HP: 17/17 MP: 1/1
   131 | D:2      | Reached XP level 2. HP: 19/25 MP: 2/2
   268 | D:1      | HP: 6/25 [jackal (2)]
   549 | D:2      | Found a burning altar of Makhleb.
   576 | D:2      | Found a snail-covered altar of Cheibriados.
   589 | D:2      | Reached XP level 3. HP: 26/30 MP: 3/3
   616 | D:2      | Reached skill level 3 in Fighting
   680 | D:2      | Reached skill level 6 in Throwing
   730 | D:3      | Reached skill level 1 in Axes
   730 | D:3      | Reached XP level 4. HP: 36/38 MP: 4/4
   840 | D:4      | Noticed Edmund
   978 | D:5      | Entered Level 5 of the Dungeon
  1071 | D:5      | Reached XP level 5. HP: 32/46 MP: 5/5
  1101 | D:6      | Noticed Menkaure
  1191 | D:5      | Noticed Sigmund
  1204 | D:5      | Noticed Blork the orc
  1270 | D:6      | Reached skill level 2 in Axes
  1381 | D:6      | Found a sparkling altar of Nemelex Xobeh.
  1421 | D:6      | Reached skill level 4 in Fighting
  1458 | D:8      | Noticed a hungry ghost
  1469 | D:8      | Noticed a phantom
  1564 | D:7      | Reached skill level 7 in Throwing
  1643 | D:7      | Got an ivory war axe
  1644 | D:7      | Identified the cursed +0 war axe of the Doomed Warrior {drain, +Inv} (You found it on level 7 of the Dungeon)
  1655 | D:7      | Reached XP level 6. HP: 45/52 MP: 6/6
  1989 | D:8      | You fall through a shaft for 3 floors!
  2016 | D:11     | Noticed a deep elf mage
  2026 | D:11     | Reached skill level 1 in Evocations
  2061 | D:11     | Killed a deep elf mage
  2061 | D:11     | Reached skill level 3 in Axes
  2061 | D:11     | Reached skill level 2 in Evocations
  2061 | D:11     | Reached XP level 7. HP: 56/60 MP: 8/8
  2289 | D:10     | Entered Level 10 of the Dungeon
  2478 | D:10     | Noticed a deep elf mage
  2479 | D:10     | Reached skill level 3 in Evocations
  2559 | D:9      | Noticed a two-headed ogre
  2708 | D:8      | Killed a phantom
  2708 | D:8      | Reached skill level 5 in Fighting
  2708 | D:8      | Reached skill level 4 in Axes
  2708 | D:8      | Reached skill level 4 in Evocations
  2792 | D:8      | Reached XP level 8. HP: 21/68 MP: 11/11
  2935 | D:8      | Killed a hungry ghost
  3077 | D:8      | Noticed an ogre
  3084 | D:8      | Killed an ogre
  3127 | D:8      | Noticed a centaur
  3154 | D:8      | HP: 14/69 [orc/trident (6)]
  3527 | D:8      | Killed a centaur
  3527 | D:8      | Reached skill level 5 in Evocations
  3639 | D:8      | Found a glowing silver altar of Zin.
  3639 | D:8      | Found a glowing golden altar of the Shining One.
  3640 | D:8      | Found a white marble altar of Elyvilon.
  3642 | D:8      | Became a worshipper of Elyvilon the Healer
  3868 | D:9      | Noticed a yak
  3869 | D:9      | Noticed a yak
  3887 | D:9      | Killed a yak
  3887 | D:9      | Reached skill level 6 in Fighting
  3887 | D:9      | Reached skill level 5 in Axes
  3894 | D:9      | Noticed a yak
  3895 | D:9      | Noticed a yak
  3895 | D:9      | HP: 10/70 [yak (9)]
  3896 | D:9      | Noticed a yak
  3896 | D:9      | HP: 1/70 [yak (10)]
  3898 | D:9      | Noticed a yak
  4054 | D:10     | Noticed a hill giant
  4063 | D:10     | Noticed Joseph
  4094 | D:9      | Reached skill level 6 in Evocations
  4275 | D:9      | HP: 17/70 [poisoned by a killer bee]
  4349 | D:9      | Noticed Erica
  4384 | D:9      | Acquired Elyvilon's first power
  4387 | D:9      | Found an ancient bone altar of Kikubaaqudgha.
  4505 | D:11     | Noticed a wolf
  4524 | D:11     | Killed a wolf
  4524 | D:11     | Reached XP level 9. HP: 62/78 MP: 13/13
  4531 | D:11     | Found Lypuatz's Antique Armour Shop.
  4534 | D:11     | Bought a spiked scale mail for 216 gold pieces
  4539 | D:11     | Noticed a water moccasin
  4545 | D:11     | Identified the +1 scale mail "Feeb" {rPois Str+5} (You bought it in a shop on level 11 of the Dungeon)
  4552 | D:11     | Killed a water moccasin
  4558 | D:10     | Noticed a hill giant
  4594 | D:11     | Found Elaiwnib's Assorted Antiques.
  4596 | D:11     | Noticed a wolf
  4666 | D:11     | Killed a wolf
  4666 | D:11     | Reached skill level 7 in Evocations
  4686 | D:11     | Got an encrusted cloak
  4692 | D:11     | Identified the +2 cloak "Oliawn" {Regen+ Int+2} (You found it on level 11 of the Dungeon)
  4701 | D:11     | Noticed a wolf
  4719 | D:11     | Killed a wolf
  4777 | D:11     | Reached skill level 6 in Axes
  4815 | D:11     | Reached skill level 7 in Fighting
  4955 | D:11     | Noticed a wolf
  4971 | D:11     | Killed a wolf
  4975 | D:11     | Noticed a troll
  5075 | D:10     | Killed a hill giant
  5075 | D:10     | Reached skill level 8 in Evocations
  5164 | D:10     | Found a staircase to the Orcish Mines.
  5205 | D:10     | Found Limegysets's Antique Armour Shop.
  5240 | D:10     | HP: 19/79 [something (7)]
  5258 | D:10     | Killed an unseen horror
  5258 | D:10     | Reached XP level 10. HP: 40/86 MP: 16/16
  5347 | D:10     | Killed Joseph
  5415 | D:11     | Bought an embroidered hat for 96 gold pieces
  5420 | D:11     | Bought a blackened scale mail for 216 gold pieces
  5430 | D:11     | Identified the cursed +0 scale mail of Responsibility {rC+} (You bought it in a shop on level 11 of the Dungeon)
  5503 | D:11     | Killed a troll
  5534 | D:11     | Bought 2 white potions for 59 gold pieces
  5534 | D:11     | Bought a yellow potion for 29 gold pieces
  5534 | D:11     | Bought a scroll labeled XETHEKHEPNE for 33 gold pieces
  5551 | D:11     | Reached skill level 9 in Evocations
  5556 | D:11     | Noticed a gargoyle
  5562 | D:11     | Reached skill level 7 in Axes
  5572 | D:11     | Noticed a gargoyle
  5614 | D:11     | Found a staircase to the Lair.
  5688 | Lair:1   | Entered Level 1 of the Lair of Beasts
  5940 | Lair:2   | Reached skill level 8 in Fighting
  6024 | Lair:3   | Acquired Elyvilon's second power
  6193 | Lair:2   | Noticed a six-headed hydra
  6462 | Lair:1   | HP: 19/89 [yak (11)]
  6674 | Lair:2   | Noticed an elephant
  6674 | Lair:2   | Noticed an elephant
  6675 | Lair:2   | Noticed an elephant
  6676 | Lair:2   | Noticed an elephant
  6676 | Lair:2   | Noticed an elephant
  6676 | Lair:2   | Noticed an elephant
  6888 | Lair:2   | Acquired Elyvilon's third power
  7073 | Lair:3   | Reached skill level 10 in Evocations
  7088 | Lair:3   | Reached skill level 1 in Invocations
  7201 | Lair:5   | Reached skill level 2 in Invocations
  7265 | Lair:4   | Got a transparent falchion
  7312 | Lair:4   | Identified the +9 falchion of Distraction {pain, +Blink rC- MR- Int+4} (You found it on level 4 of the Lair of Beasts)
  7425 | Lair:4   | Reached skill level 9 in Fighting
  7425 | Lair:4   | Reached XP level 11. HP: 92/97 MP: 18/18
  7437 | Lair:4   | Noticed a death yak
  7649 | Lair:4   | Reached skill level 8 in Axes
  7676 | Lair:4   | Acquired Elyvilon's fourth power
  7733 | Lair:3   | Reached skill level 3 in Invocations
  7795 | Lair:3   | Found a staircase to the Snake Pit.
  7845 | Lair:3   | Found a staircase to the Swamp.
  7858 | Lair:3   | HP: 14/97 [spiny frog (19)]
  7966 | Lair:3   | Reached skill level 4 in Invocations
  8220 | Lair:6   | Noticed Maud
  8366 | Lair:6   | Noticed a five-headed hydra
  8369 | Lair:6   | Pacified a five-headed hydra
  8431 | Lair:7   | Found a staircase to the Slime Pits.
  8434 | Lair:7   | Found a viscous altar of Jiyva.
  8487 | Lair:6   | Reached skill level 10 in Fighting
  8515 | Lair:6   | HP: 19/99 [komodo dragon (14)]
  8528 | Lair:6   | Reached skill level 9 in Axes
  8539 | Lair:6   | Noticed a six-headed hydra
  8541 | Lair:6   | Pacified a six-headed hydra
  8799 | Lair:3   | Reached skill level 1 in Armour
  8855 | Lair:2   | Killed an elephant
  8971 | D:12     | Found Ucloc's Magic Scroll Shop.
  8980 | D:12     | Noticed a wolf spider
  9013 | D:12     | Killed a wolf spider
  9013 | D:12     | Reached skill level 2 in Armour
  9037 | D:12     | Bought a scroll of identify for 20 gold pieces
  9037 | D:12     | Bought a scroll of enchant weapon for 75 gold pieces
  9037 | D:12     | Bought a scroll of identify for 20 gold pieces
  9037 | D:12     | Bought a scroll of identify for 20 gold pieces
  9053 | D:13     | Noticed a hill giant
  9065 | D:12     | Noticed a centaur zombie
  9076 | D:12     | Killed a centaur zombie
  9103 | D:13     | Found Zycused's Distillery.
  9111 | D:13     | Bought a potion of heal wounds for 55 gold pieces
  9111 | D:13     | Bought a potion of heal wounds for 55 gold pieces
  9133 | D:13     | Found Sobigh's General Store.
  9217 | D:13     | Found a gate to the Vaults.
  9217 | D:13     | Noticed an enchanted long sword
  9217 | D:13     | Noticed an enchanted long sword
  9300 | D:12     | Killed a hill giant
  9300 | D:12     | Reached skill level 3 in Armour
  9315 | D:12     | Found a viscous altar of Jiyva.
  9372 | D:11     | Noticed a deep elf mage
  9475 | D:11     | Killed a deep elf mage
  9475 | D:11     | Reached skill level 10 in Axes
  9491 | D:11     | Reached XP level 12. HP: 106/106 MP: 19/19
  9509 | D:11     | Killed a gargoyle
  9799 | Lair:3   | Reached skill level 4 in Armour
  9847 | Swamp:1  | Entered Level 1 of the Swamp
  9884 | Swamp:1  | Noticed a six-headed hydra
  9888 | Swamp:1  | Pacified a six-headed hydra
  9903 | Swamp:1  | Killed a six-headed hydra
  9965 | Swamp:1  | Noticed a ghost crab
  9977 | Swamp:1  | Killed a ghost crab
  9988 | Swamp:1  | HP: 26/106 [insubstantial wisp (8)]
  9994 | Swamp:1  | HP: 18/106 [bog body (2)]
 10000 | Swamp:1  | HP: 9/106 [bog body (6)]
 10001 | Swamp:1  | HP: 1/106 [bog body/bolt of cold (9)]
 10002 | Swamp:1  | Reached skill level 5 in Armour
 10094 | Swamp:1  | Reached skill level 11 in Axes
 10156 | Swamp:2  | Noticed Aizul
 10330 | Swamp:2  | HP: 19/106 [giant leech (21)]
 10377 | Swamp:2  | HP: 24/106 [swamp worm (4)]
 10501 | Swamp:2  | Got a transparent falchion
 10502 | Swamp:2  | Identified the cursed +1 falchion "Hasenn" {antimagic, +Inv rElec rF- Dex+5} (You found it on level 2 of the Swamp)
 10509 | Swamp:1  | Noticed a four-headed hydra
 10509 | Swamp:1  | Noticed a six-headed hydra
 10520 | Swamp:1  | Noticed a six-headed hydra
 10619 | Swamp:2  | Pacified a four-headed hydra
 10621 | Swamp:2  | You fall through a shaft!
 10621 | Swamp:3  | Noticed a seven-headed hydra
 10624 | Swamp:3  | Pacified a seven-headed hydra
 10624 | Swamp:3  | Reached skill level 6 in Armour
 10645 | Swamp:3  | Noticed a thorn hunter
 10669 | Swamp:3  | HP: 9/106 [giant leech (26)]
 10682 | Swamp:3  | HP: 20/106 [thorn hunter (14)]
 10683 | Swamp:3  | Killed a thorn hunter
 10694 | Swamp:3  | HP: 13/106 [giant leech (26)]
 10772 | Swamp:3  | Noticed a ghost crab
 10791 | Swamp:3  | Noticed a spectral caustic shrike
 10791 | Swamp:3  | Killed a ghost crab
 10838 | Swamp:3  | Noticed a seven-headed hydra
 10844 | Swamp:3  | Noticed a thorn hunter
 10844 | Swamp:3  | Killed an eight-headed hydra
 10844 | Swamp:3  | Reached XP level 13. HP: 113/113 MP: 20/20
 10855 | Swamp:3  | Noticed an eight-headed hydra
 10862 | Swamp:3  | HP: 27/113 [eight-headed hydra (4)]
 10863 | Swamp:3  | Killed from afar by a thorn hunter

Vault maps used:
D:1:      matt_arrival_refuge
D:2:      cheibriados_altar_1, lemuel_doored_altar, lightli_temple_of_fire,
          corexii_leaking_fountain
D:3:      lemuel_crystal_altar
D:4:      yredelemnul_altar_generic, vehumet_statue, serial_shops,
          nicolae_shop_statue_plus, nicolae_dithmenos_through_a_glass_darkly,
          uniq_edmund, uniq_grinder
D:5:      first_bread, basic_altar, grunt_ministairs_10, uniq_blork_the_orc,
          uniq_sigmund
D:6:      lemuel_slime, nicolae_ru_the_path_less_chosen, nemelex_deck,
          minmay_temple_entry_enclosed_plants, uniq_duvessa, uniq_menkaure
D:8:      good_gods_mini_temple
D:9:      kiku_gazebo_pond_becter, uniq_erica
D:10:     orc_0_dummy, serial_shops, nicolae_shop_stone, serial_bayou_pond_e,
          uniq_joseph
D:11:     minmay_goldmine, erik_lair_island, serial_shops, kennysheep_mini,
          nicolae_shop_stone
D:12:     serial_shops, shop_statue, david_nohive_1, jiyva_altar_1
D:13:     erik_vaults_1, serial_shops, nicolae_shop_waterfront, shop, shop,
          nicolae_shop_statue_plus, shop, minmay_dual_archer_statues
Lair:3:   minmay_swamp_entry_worms, guppyfry_snake_entry_garden,
          portal_ice_cave_entry_ice_beasts, grunt_megastairs_2,
          serial_bayou_shore_b
Lair:4:   grunt_forest_large_clearing_hut, lemuel_fruit_tree
Lair:6:   beast_lair_carwin_5, uniq_maud
Lair:7:   slime_altar_1, uniq_josephine
Swamp:1:  nicolae_swamp_rocky_clearing
Swamp:2:  evilmike_swamp_ruin_house_6, uniq_aizul
Swamp:3:  infiniplex_staircase_pool, swamp_pool4

Action                   |  1- 3 |  4- 6 |  7- 9 | 10-12 | 13-15 || total
-------------------------+-------+-------+-------+-------+-------++-------
Melee: Short sword       |    19 |       |       |       |       ||    19
       Mace              |    10 |       |       |       |       ||    10
       Hand axe          |    12 |    45 |   192 |   269 |       ||   518
       War axe           |       |    15 |    90 |   490 |     4 ||   599
       Battleaxe         |       |       |       |    35 |       ||    35
 Fire: Hunting sling     |       |       |       |     9 |       ||     9
Throw: Javelin           |    34 |    33 |     3 |    50 |       ||   120
       Throwing net      |       |     2 |     3 |       |       ||     5
       Tomahawk          |       |       |       |    40 |     1 ||    41
Invok: Lesser Healing    |       |       |     1 |    25 |       ||    26
       Heal Other        |       |       |       |    24 |       ||    24
       Divine Protection |       |       |       |     1 |       ||     1
Evoke: Wand              |       |       |    47 |    25 |       ||    72
       Deck              |       |       |     2 |     4 |       ||     6
  Use: Scroll            |     1 |     4 |     6 |    26 |     1 ||    38
       Potion            |       |       |     2 |     5 |     1 ||     8
 Stab: Confused          |       |       |     4 |       |       ||     4
  Eat: Chunk             |       |     2 |    11 |    19 |       ||    32
       Pizza             |       |       |     1 |     1 |       ||     2
       Fruit             |       |       |       |     4 |       ||     4
       Bread ration      |       |       |       |     3 |       ||     3

Vault maps used:
D:1:      matt_arrival_refuge
D:2:      cheibriados_altar_1, lemuel_doored_altar, lightli_temple_of_fire,
          corexii_leaking_fountain
D:3:      lemuel_crystal_altar
D:4:      yredelemnul_altar_generic, vehumet_statue, serial_shops,
          nicolae_shop_statue_plus, nicolae_dithmenos_through_a_glass_darkly,
          uniq_edmund, uniq_grinder
D:5:      first_bread, basic_altar, grunt_ministairs_10, uniq_blork_the_orc,
          uniq_sigmund
D:6:      lemuel_slime, nicolae_ru_the_path_less_chosen, nemelex_deck,
          minmay_temple_entry_enclosed_plants, uniq_duvessa, uniq_menkaure
D:8:      good_gods_mini_temple
D:9:      kiku_gazebo_pond_becter, uniq_erica
D:10:     orc_0_dummy, serial_shops, nicolae_shop_stone, serial_bayou_pond_e,
          uniq_joseph
D:11:     minmay_goldmine, erik_lair_island, serial_shops, kennysheep_mini,
          nicolae_shop_stone
D:12:     serial_shops, shop_statue, david_nohive_1, jiyva_altar_1
D:13:     erik_vaults_1, serial_shops, nicolae_shop_waterfront, shop, shop,
          nicolae_shop_statue_plus, shop, minmay_dual_archer_statues
Lair:3:   minmay_swamp_entry_worms, guppyfry_snake_entry_garden,
          portal_ice_cave_entry_ice_beasts, grunt_megastairs_2,
          serial_bayou_shore_b
Lair:4:   grunt_forest_large_clearing_hut, lemuel_fruit_tree
Lair:6:   beast_lair_carwin_5, uniq_maud
Lair:7:   slime_altar_1, uniq_josephine
Swamp:1:  nicolae_swamp_rocky_clearing
Swamp:2:  evilmike_swamp_ruin_house_6, uniq_aizul
Swamp:3:  infiniplex_staircase_pool, swamp_pool4

Table legend:
 A = Turns spent in this place as a percentage of turns spent in the entire game.
 B = Non-inter-level travel turns spent in this place as a percentage of non-inter-level travel turns spent in the entire game.
 C = Inter-level travel turns spent in this place as a percentage of turns spent in this place.
 D = Turns resting spent in this place as a percentage of non-inter-level travel turns spent in this place.
 E = Turns spent auto-exploring this place as a percentage of non-inter-level travel turns spent in this place.
 F = Non-inter-level travel turns spent in this place divided by the number of levels of this place that you've seen.
                   A       B       C       D       E      F
               +-------+-------+-------+-------+-------+----------------------
         Total | 100.0 | 100.0 |   0.1 |   0.0 |   0.0 | 419.2
       Dungeon |  54.2 |  54.2 |   0.1 |   0.1 |   0.0 | 402.3
          Lair |  35.2 |  35.2 |   0.2 |   0.0 |   0.0 | 484.1
         Swamp |  10.6 |  10.6 |   0.0 |   0.0 |   0.0 | 340.7
               +-------+-------+-------+-------+-------+----------------------

Table legend:
 A = Kills in this place as a percentage of kills in entire the game.
 B = Kills by you in this place as a percentage of kills by you in the entire game.
 C = Kills by friends in this place as a percentage of kills by friends in the entire game.
 D = Other kills in this place as a percentage of other kills in the entire game.
 E = Experience gained in this place as a percentage of experience gained in the entire game.
 F = Experience gained in this place divided by the number of levels of this place that you have seen.
                   A       B       C       D       E      F
               +-------+-------+-------+-------+-------+----------------------
         Total | 100.0 | 100.0 |  -nan | 100.0 | 100.0 | 1574.2
       Dungeon |  53.1 |  52.4 |  -nan | 100.0 |  28.9 | 805.9
          Lair |  35.2 |  35.7 |  -nan |   0.0 |  37.5 | 1940.6
         Swamp |  11.7 |  11.9 |  -nan |   0.0 |  33.5 | 4048.3
               +-------+-------+-------+-------+-------+----------------------
